[Event "Titled Tuesday Blitz June 27 Late 2023"]
[White "Hoffmann, Asa"]
[Black "Sainz Aguirre, Ignacio"]
[WhiteFideId "2001470"]
[BlackFideId "5101727"]
[WhiteElo "2421"]
[BlackElo "1977"]
[Result "1-0"]
[Round "2"]
[TimeControl "180+2"]
[Date "2023.06.27"]
[WhiteClock "0:01:39"]
[BlackClock "0:01:08"]
[Board "192"]

1. d4 d5 2. Bg5 f6 3. Bf4 e6 4. Nf3 Bd6 5. Bg3 Nh6 6. c4 Nf5 7. Nc3 Nxg3 8. hxg3 dxc4 9. e4 Nc6 10. Bxc4 e5 11. a3 Bg4 12. Bb5 O-O 13. Bxc6 bxc6 14. Qa4 Bxf3 15. gxf3 exd4 16. Qxd4 Rb8 17. Qc4+ Rf7 18. b4 c5 19. bxc5 Be5 20. Rc1 Rb2 21. O-O Qd7 22. f4 Bxf4 23. Rfd1 Qh3 24. Rd8# 1-0


[Site "https://www.chess.com"]

[Event "Titled Tuesday Blitz June 27 Late 2023"]
[White "NtcPou"]
[Black "Gulamali, Kazim"]
[BlackFideId "2024764"]
[WhiteElo "1972"]
[BlackElo "2418"]
[Result "0-1"]
[Round "2"]
[TimeControl "180+2"]
[Date "2023.06.27"]
[WhiteClock "0:00:18"]
[BlackClock "0:00:31"]
[Board "193"]

1. e4 c5 2. Nf3 d6 3. Bb5+ Nd7 4. a4 Nf6 5. Nc3 g6 6. O-O Bg7 7. d4 cxd4 8. Nxd4 O-O 9. Re1 a6 10. Bf1 e5 11. Nb3 Qc7 12. a5 h6 13. Be3 Re8 14. Qd2 Ng4 15. Nd5 Qd8 16. Bb6 Nxb6 17. Nxb6 Rb8 18. f3 Nf6 19. Rad1 Be6 20. Qxd6 Qxd6 21. Rxd6 Bf8 22. Rd3 Bb4 23. c3 Bxb3 24. cxb4 Be6 25. Red1 Kf8 26. Rc3 Re7 27. Rdc1 Ne8 28. Kf2 f5 29. Ke3 f4+ 30. Kf2 g5 31. Bc4 Bxc4 32. Rxc4 Rd8 33. Ke2 Nd6 34. Rc7 Nb5 35. Nd5 Rxc7 36. Nxc7 Nd4+ 37. Kf2 Kf7 38. Nd5 Nc6 39. Rc5 Ke6 40. Ke2 Kd6 41. Rc4 h5 42. Kd3 g4 43. Ke2 Rg8 44. Rc2 Nd4+ 45. Kd3 Nxc2 46. Kxc2 gxf3 47. gxf3 Rg2+ 48. Kd3 Rxh2 49. Nb6 h4 50. Nc4+ Ke6 51. Nb6 Rxb2 0-1


[Site "https://www.chess.com"]

[Event "Titled Tuesday Blitz June 27 Late 2023"]
[White "Ai, Evan"]
[Black "Dmitriev, Sergey"]
[WhiteFideId "2094770"]
[BlackFideId "14101785"]
[WhiteElo "2417"]
[BlackElo "1938"]
[Result "1-0"]
[Round "2"]
[TimeControl "180+2"]
[Date "2023.06.27"]
[WhiteClock "0:02:42"]
[BlackClock "0:02:13"]
[Board "194"]

1. e4 d6 2. d4 g6 3. Nc3 Bg7 4. Be3 Nf6 5. f3 O-O 6. Qd2 Nc6 7. O-O-O b6 8. h4 h5 9. Bc4 a6 10. Nge2 b5 11. Bb3 Na5 12. Bh6 Nxb3+ 13. axb3 b4 14. Na4 a5 15. g4 hxg4 16. h5 Nxh5 17. Rxh5 gxh5 18. Qg5 1-0


[Site "https://www.chess.com"]

[Event "Titled Tuesday Blitz June 27 Late 2023"]
[White "Figorito, Nick"]
[Black "Burke, Paul"]
[WhiteFideId "30923689"]
[BlackFideId "2605767"]
[WhiteElo "2417"]
[BlackElo "1926"]
[Result "1-0"]
[Round "2"]
[TimeControl "180+2"]
[Date "2023.06.27"]
[WhiteClock "0:02:31"]
[BlackClock "0:02:03"]
[Board "195"]

1. Nf3 a6 2. g3 d6 3. Bg2 g6 4. O-O h6 5. c4 Nd7 6. Nc3 Bg7 7. d3 e5 8. Rb1 Ne7 9. b4 O-O 10. a4 f5 11. Ne1 Kh7 12. b5 axb5 13. axb5 e4 14. Bb2 exd3 15. Nxd3 Ne5 16. Nxe5 dxe5 17. Qxd8 Rxd8 18. Rfd1 Be6 19. Bxb7 Rxd1+ 20. Rxd1 Rb8 21. Bd5 Bxd5 22. Nxd5 Nxd5 23. Rxd5 c6 24. Rd7 Kg8 25. Rxg7+ 1-0


[Site "https://www.chess.com"]

[Event "Titled Tuesday Blitz June 27 Late 2023"]
[White "Vargas, Mauricio"]
[Black "i_like_explosions"]
[WhiteFideId "4404572"]
[WhiteElo "1837"]
[BlackElo "2416"]
[Result "0-1"]
[Round "2"]
[TimeControl "180+2"]
[Date "2023.06.27"]
[WhiteClock "0:01:33"]
[BlackClock "0:02:17"]
[Board "196"]

1. e4 c5 2. Nc3 a6 3. f4 b5 4. Nf3 Bb7 5. g4 e6 6. d3 d5 7. e5 h5 8. g5 Ne7 9. Bg2 Nf5 10. O-O g6 11. Ne2 Nc6 12. c3 Qb6 13. Kh1 Be7 14. Ng3 Nxg3+ 15. hxg3 O-O-O 16. Nh4 Rd7 17. Bh3 Bd8 18. Nxg6 fxg6 19. Bxe6 Ne7 20. Bxd7+ Kxd7 21. Be3 d4+ 22. Kg1 dxe3 23. Qb3 Qc6 24. Qf7 Qg2# 0-1


[Site "https://www.chess.com"]

[Event "Titled Tuesday Blitz June 27 Late 2023"]
[White "Carlsen, Magnus"]
[Black "Milikow, Yoav"]
[WhiteFideId "1503014"]
[BlackFideId "2822237"]
[WhiteElo "3293"]
[BlackElo "2769"]
[Result "1-0"]
[Round "3"]
[TimeControl "180+2"]
[Date "2023.06.27"]
[WhiteClock "0:01:37"]
[BlackClock "0:00:02"]
[Board "1"]

1. e4 e5 2. Nf3 Nf6 3. Nxe5 d6 4. Nf3 Nxe4 5. Bd3 Nf6 6. O-O Be7 7. h3 O-O 8. Re1 c5 9. Bf1 b6 10. d4 Bb7 11. c4 d5 12. Nc3 dxc4 13. d5 b5 14. Bf4 Re8 15. Nxb5 Nxd5 16. Bc7 Qd7 17. Bxc4 Na6 18. Bg3 Bf8 19. Ne5 Qe6 20. Qb3 Rad8 21. Nxa7 Ba8 22. Nec6 Qxe1+ 23. Rxe1 Rxe1+ 24. Kh2 Bxc6 25. Nxc6 Rd7 26. Bxd5 Nc7 27. Bxf7+ 1-0


[Site "https://www.chess.com"]

[Event "Titled Tuesday Blitz June 27 Late 2023"]
[White "Tristan, Leonardo"]
[Black "Nakamura, Hikaru"]
[WhiteFideId "113816"]
[BlackFideId "2016192"]
[WhiteElo "2768"]
[BlackElo "3213"]
[Result "0-1"]
[Round "3"]
[TimeControl "180+2"]
[Date "2023.06.27"]
[WhiteClock "0:00:02"]
[BlackClock "0:01:29"]
[Board "2"]

1. d4 Nf6 2. Nf3 d5 3. Bf4 c5 4. e3 Nc6 5. Nbd2 Bg4 6. c3 e6 7. Qb3 Qc8 8. Nh4 Be7 9. h3 Bh5 10. g4 Bg6 11. Nxg6 hxg6 12. Bg2 a5 13. O-O a4 14. Qd1 a3 15. b3 cxd4 16. exd4 O-O 17. Re1 b5 18. Nf3 Rd8 19. Rc1 Ra7 20. Ne5 Nxe5 21. Bxe5 Bd6 22. Bxf6 gxf6 23. Qd3 Rc7 24. Bf1 Kg7 25. Qf3 Qb8 26. c4 bxc4 27. bxc4 dxc4 28. Rxc4 Rxc4 29. Bxc4 Qb4 30. Qe2 Qc3 31. Kg2 Qxd4 32. Bb3 Qf4 33. Qf3 Qh2+ 34. Kf1 Rh8 35. Rd1 Bc5 36. Rd7 Rxh3 37. Qg2 Qxg2+ 38. Kxg2 Rxb3 39. axb3 a2 40. Rd1 Bd4 0-1


[Site "https://www.chess.com"]

[Event "Titled Tuesday Blitz June 27 Late 2023"]
[White "Nihal Sarin"]
[Black "Cruz, Jonathan"]
[WhiteFideId "25092340"]
[BlackFideId "3802124"]
[WhiteElo "3123"]
[BlackElo "2767"]
[Result "1-0"]
[Round "3"]
[TimeControl "180+2"]
[Date "2023.06.27"]
[WhiteClock "0:00:11"]
[BlackClock "0:00:00"]
[Board "3"]

1. e4 e5 2. f4 d5 3. exd5 e4 4. d3 Nf6 5. dxe4 Nxe4 6. Qe2 f5 7. Nc3 Be7 8. Nxe4 fxe4 9. Qxe4 O-O 10. Nf3 Nd7 11. Bc4 Kh8 12. O-O Nf6 13. Qd3 Ng4 14. Be3 Bf5 15. Qd2 Nxe3 16. Qxe3 Bxc2 17. Ne5 Bd6 18. Bd3 Bxd3 19. Qxd3 Qf6 20. Rae1 Rad8 21. Kh1 Bc5 22. Rf3 Kg8 23. Qb3 Kh8 24. Qxb7 Bd4 25. Qxc7 Rxd5 26. Qc4 Rdd8 27. b3 Bb6 28. a4 Qf5 29. h3 Rd4 30. Qf1 Rxf4 31. Rxf4 Qxf4 32. Qxf4 Rxf4 33. Nc4 h6 34. Nxb6 axb6 35. Re5 Rb4 36. Rb5 Rxb5 37. axb5 Kg8 38. Kg1 Kf7 39. Kf2 Ke6 40. Ke3 Kd5 41. Kd3 Kc5 42. Kc3 Kxb5 43. b4 g6 44. Kb3 Kc6 45. Kc4 b5+ 46. Kd4 Kd6 47. h4 g5 48. hxg5 hxg5 49. g4 Ke6 50. Kc5 Ke5 51. Kxb5 Kf4 52. Kc6 Kxg4 53. b5 Kf3 54. b6 g4 55. b7 g3 56. b8=Q g2 57. Qb6 g1=Q 58. Qxg1 1-0


[Site "https://www.chess.com"]

[Event "Titled Tuesday Blitz June 27 Late 2023"]
[White "Yanchenko, Roman"]
[Black "Firouzja, Alireza"]
[WhiteFideId "4137329"]
[BlackFideId "12573981"]
[WhiteElo "2764"]
[BlackElo "3116"]
[Result "0-1"]
[Round "3"]
[TimeControl "180+2"]
[Date "2023.06.27"]
[WhiteClock "0:00:10"]
[BlackClock "0:01:34"]
[Board "4"]

1. d4 Nf6 2. c4 g6 3. Nf3 Bg7 4. g3 O-O 5. Bg2 d6 6. O-O Nbd7 7. Nc3 e5 8. e3 Re8 9. b3 c6 10. dxe5 dxe5 11. Bb2 e4 12. Nd4 Nc5 13. Ba3 Qa5 14. Bxc5 Qxc5 15. Qc2 Qe5 16. Rad1 h5 17. Nde2 h4 18. gxh4 Ng4 19. Ng3 Qxc3 20. Qxc3 Bxc3 21. Nxe4 Be5 22. h3 Nh6 23. Rd2 Nf5 24. Rfd1 Nxh4 25. Nc5 Nxg2 26. Kxg2 b6 27. Ne4 Bf5 28. Nd6 Bxd6 29. Rxd6 c5 30. Kg3 Kg7 31. h4 Rh8 32. f3 Rh5 33. e4 Be6 34. Rc6 Rah8 35. Rc7 Rxh4 36. Rxa7 Rh3+ 37. Kf4 R8h4+ 38. Ke3 g5 39. Rb7 Rf4 40. Rf1 Bg4 41. Rxb6 Bxf3 42. Kd2 Bxe4 43. Rxf4 gxf4 44. Rb5 Rh2+ 45. Ke1 f3 0-1


[Site "https://www.chess.com"]

[Event "Titled Tuesday Blitz June 27 Late 2023"]
[White "Naroditsky, Daniel"]
[Black "Santos Ruiz, Miguel"]
[WhiteFideId "2026961"]
[BlackFideId "22291482"]
[WhiteElo "3104"]
[BlackElo "2753"]
[Result "1/2-1/2"]
[Round "3"]
[TimeControl "180+2"]
[Date "2023.06.27"]
[WhiteClock "0:00:20"]
[BlackClock "0:00:15"]
[Board "5"]

1. e4 e5 2. Nf3 Nc6 3. Bb5 Nf6 4. O-O Nxe4 5. d4 Nd6 6. Ba4 e4 7. Ne5 g6 8. Nc3 Bg7 9. Re1 O-O 10. Nxe4 Nxe4 11. Rxe4 Ne7 12. Bb3 d5 13. Re1 c6 14. c3 Bf5 15. Bf4 f6 16. Nd3 g5 17. Bg3 Ng6 18. Nc5 Qc8 19. h3 b6 20. Nd3 Qd7 21. Qd2 Rae8 22. a4 Rxe1+ 23. Rxe1 Re8 24. Rxe8+ Qxe8 25. a5 Bf8 26. axb6 axb6 27. c4 dxc4 28. Bxc4+ Be6 29. Qc2 Kf7 30. Ne5+ Nxe5 31. dxe5 Bxc4 32. Qxc4+ Qe6 33. Qa6 f5 34. f4 gxf4 35. Bxf4 Bc5+ 36. Kh2 Qd5 37. Qb7+ Be7 38. Qxb6 Qb5 39. Qd4 Qd5 40. Qe3 Qe4 41. Qf2 Ke6 42. Bg3 c5 43. Qd2 h5 44. Qh6+ Kd5 45. Qxh5 f4 46. Bf2 Qxe5 47. Qf3+ Kc4 48. b3+ Kb5 49. Qd3+ Kb4 50. Qc4+ Ka3 51. Kg1 Kb2 52. h4 Bf6 53. Qxc5 Qxc5 54. Bxc5 Bxh4 55. b4 Kb3 56. b5 Bf6 57. b6 Be5 58. b7 Bb8 59. Kf2 Kc4 60. Be7 Kd5 61. Kf3 Kc6 62. Bg5 Kxb7 63. Bxf4 Ba7 64. Ke4 Kc6 65. Kf5 Kd7 66. Kg6 Ke8 67. Bd6 Be3 68. g4 Bc1 69. Bc5 Bd2 70. Ba3 Be3 71. Bb4 Bc1 72. Bd6 Bd2 73. Kf6 Bc1 74. Ke6 Bd2 75. Ba3 Be3 76. Bd6 Bd2 77. Bc5 Bc1 78. Kf5 Kf7 79. Bd4 Kg8 80. Kg6 Bd2 81. Bb2 Bb4 82. Bd4 Bd6 83. Bf6 Bb8 84. Be7 Ba7 85. Bd6 Bb6 86. Kf5 Bd4 87. Bc7 Bc3 88. Be5 Bxe5 89. Kxe5 Kg7 90. Kf5 Kf7 91. Kg5 Kg7 92. Kf5 Kf7 93. g5 Kg7 94. g6 Kg8 95. Kf6 Kf8 96. Kg5 Kg7 97. Kh5 Kg8 98. Kh6 Kh8 99. Kg5 Kg8 100. Kf6 Kf8 101. g7+ Kg8 102. Kg6 1/2-1/2


[Site "https://www.chess.com"]

[Event "Titled Tuesday Blitz June 27 Late 2023"]
[White "Bryakin, Mikhail"]
[Black "Bluebaum, Matthias"]
[WhiteFideId "4165314"]
[BlackFideId "24651516"]
[WhiteElo "2751"]
[BlackElo "3067"]
[Result "0-1"]
[Round "3"]
[TimeControl "180+2"]
[Date "2023.06.27"]
[WhiteClock "0:00:36"]
[BlackClock "0:01:25"]
[Board "6"]

1. c4 e6 2. Nf3 d5 3. d4 Nf6 4. g3 Nc6 5. Bg2 Bd6 6. Nbd2 O-O 7. O-O a5 8. Re1 Ne4 9. c5 Be7 10. e3 f5 11. b3 b6 12. cxb6 cxb6 13. Bb2 Ba6 14. Bf1 Bxf1 15. Rxf1 Qd7 16. a3 Rfc8 17. Ne1 a4 18. b4 Na7 19. f3 Nxd2 20. Qxd2 Nb5 21. Nd3 Nd6 22. Rac1 Qb5 23. Rxc8+ Rxc8 24. Rc1 Nc4 25. Qe1 Bd6 26. Kf2 Rc6 27. Rc3 h6 28. f4 Be7 29. Qc1 Bd6 30. Kf3 Rc8 31. h4 Qe8 32. Kf2 g5 33. hxg5 hxg5 34. Qd1 Nxb2 35. Qc2 Rxc3 0-1


[Site "https://www.chess.com"]

[Event "Titled Tuesday Blitz June 27 Late 2023"]
[White "Mamedov, Rauf"]
[Black "Tiglon, Bryce"]
[WhiteFideId "13401653"]
[BlackFideId "2087456"]
[WhiteElo "3062"]
[BlackElo "2749"]
[Result "0-1"]
[Round "3"]
[TimeControl "180+2"]
[Date "2023.06.27"]
[WhiteClock "0:00:03"]
[BlackClock "0:00:06"]
[Board "7"]

1. e4 g6 2. d4 Bg7 3. Nc3 d6 4. Nf3 b6 5. Bc4 e6 6. Bb3 Bb7 7. Qe2 Ne7 8. Bf4 a6 9. h4 h6 10. O-O-O Nd7 11. Kb1 Qc8 12. h5 g5 13. Nxg5 hxg5 14. Bxg5 Bh6 15. Bxh6 Rxh6 16. g4 Nf8 17. g5 Rh8 18. f4 Qd7 19. f5 exf5 20. exf5 O-O-O 21. f6 Nf5 22. Rh3 Nxd4 23. Rxd4 Qxh3 24. Bxf7 Nd7 25. a3 Ne5 26. Bg6 Kb8 27. Qf2 Nf3 28. Rd3 Qg4 29. f7 Ne5 30. Rg3 Qe6 31. Bd3 Nxf7 32. g6 Ne5 33. Be2 Rhf8 34. Qg1 Rg8 35. b3 Qf6 36. Bd3 Qf4 37. h6 Qxh6 38. Bf5 Rdf8 39. Be4 Bxe4 40. Nxe4 Rxg6 41. Nxd6 Rxd6 42. Qxb6+ Rxb6 0-1


[Site "https://www.chess.com"]

[Event "Titled Tuesday Blitz June 27 Late 2023"]
[White "Mahdavi, Reza"]
[Black "Pranesh M"]
[WhiteFideId "12595926"]
[BlackFideId "35028600"]
[WhiteElo "2742"]
[BlackElo "3033"]
[Result "1-0"]
[Round "3"]
[TimeControl "180+2"]
[Date "2023.06.27"]
[WhiteClock "0:01:03"]
[BlackClock "0:01:06"]
[Board "8"]

1. e4 e5 2. Nf3 Nc6 3. Nc3 Nf6 4. d4 exd4 5. Nxd4 Bb4 6. Nxc6 bxc6 7. Bd3 d5 8. Bd2 O-O 9. O-O Re8 10. Nxd5 Nxd5 11. exd5 Bxd2 12. Qxd2 cxd5 13. Rfe1 c5 14. Qc3 c4 15. Bf1 Be6 16. Rad1 Rc8 17. Qd4 Qa5 18. a3 c3 19. b4 Qxa3 20. Ra1 Qb2 21. Bd3 Rc4 22. Bxc4 dxc4 23. Rec1 Qxb4 24. Qxa7 h6 25. Qa3 Qb2 26. Qa4 Rb8 27. h3 Bf5 28. Kh2 Rb4 29. Qe8+ Kh7 30. Qxf7 Bxc2 31. Ra7 Qxc1 32. Qxg7# 1-0


[Site "https://www.chess.com"]

[Event "Titled Tuesday Blitz June 27 Late 2023"]
[White "Oparin, Grigoriy"]
[Black "Preotu, Razvan"]
[WhiteFideId "24125890"]
[BlackFideId "2613280"]
[WhiteElo "3025"]
[BlackElo "2740"]
[Result "0-1"]
[Round "3"]
[TimeControl "180+2"]
[Date "2023.06.27"]
[WhiteClock "0:00:03"]
[BlackClock "0:00:05"]
[Board "10"]

1. c4 c5 2. Nf3 Nf6 3. Nc3 d5 4. cxd5 Nxd5 5. e3 e6 6. Bb5+ Bd7 7. Be2 Nc6 8. O-O Be7 9. d4 cxd4 10. Nxd5 exd5 11. Nxd4 O-O 12. Bf3 Bf6 13. Bxd5 Nxd4 14. exd4 Bb5 15. Bxb7 Rb8 16. Bf3 Bxf1 17. Kxf1 Bxd4 18. Rb1 Qb6 19. Bf4 Rbd8 20. Qc2 Rc8 21. Qd2 Rfd8 22. a3 Be5 23. Qe3 Bxf4 24. Qxf4 Rc2 25. Be4 Rxb2 26. Rc1 g6 27. g4 Qe6 28. Rc6 Qe7 29. Bc2 Rb6 30. Rc3 Rf6 31. Qg3 Rd2 32. Bd3 Rfxf2+ 33. Qxf2 Rxf2+ 34. Kxf2 Qf6+ 0-1


[Site "https://www.chess.com"]

[Event "Titled Tuesday Blitz June 27 Late 2023"]
[White "Daggupati, Balaji"]
[Black "Andreikin, Dmitry"]
[WhiteFideId "2090759"]
[BlackFideId "4158814"]
[WhiteElo "2737"]
[BlackElo "3024"]
[Result "0-1"]
[Round "3"]
[TimeControl "180+2"]
[Date "2023.06.27"]
[WhiteClock "0:00:00"]
[BlackClock "0:00:05"]
[Board "11"]

1. e4 c5 2. Nf3 e6 3. d4 cxd4 4. Nxd4 Nc6 5. Nc3 a6 6. Be2 Qc7 7. O-O Nf6 8. Kh1 Be7 9. f4 d6 10. Be3 O-O 11. Qe1 Nxd4 12. Bxd4 b5 13. Qg3 Bb7 14. a3 Rad8 15. Rae1 Qd7 16. Bd3 Nh5 17. Qg4 Nf6 18. Qg3 Ne8 19. f5 Bf6 20. e5 dxe5 21. Bxe5 Bxe5 22. Rxe5 Nf6 23. Ne2 Kh8 24. fxe6 fxe6 25. Qh4 Kg8 26. Rg5 h6 27. Qxh6 Ne4 28. Rxf8+ Rxf8 29. Bxe4 Rf1+ 30. Ng1 Bxe4 31. Rg3 Bxc2 32. Qe3 Bf5 33. h3 Qd6 34. Qg5 Qd4 35. Qe3 Qxb2 36. Kh2 Qf2 37. Qxf2 Rxf2 38. Nf3 Be4 39. Nd4 Bd5 40. Kg1 Rd2 41. Rg4 Kf7 42. Nf3 Bxf3 43. Rf4+ Ke7 44. Rxf3 a5 45. Rb3 Rd5 46. Kf2 a4 47. Rb4 Kd6 48. Ke2 Kc5 49. Rg4 g5 50. Re4 Kd6 51. Rb4 Kc5 52. Re4 e5 53. Rg4 Rd4 54. Rxg5 Kd5 55. Rg8 b4 56. axb4 Rxb4 57. Ra8 Kd4 58. Kf3 e4+ 59. Kf4 Kd3 60. Re8 a3 61. Ra8 e3+ 62. Kf3 Rb3 63. Rd8+ Kc2 64. Ke2 a2 65. Ra8 Kb2 66. g4 Ra3 67. Rb8+ Kc3 68. Rc8+ Kd4 69. Rd8+ Ke5 0-1


[Site "https://www.chess.com"]

[Event "Titled Tuesday Blitz June 27 Late 2023"]
[White "Hakobyan, Aram"]
[Black "Ghazarian, Kirk"]
[WhiteFideId "13306677"]
[BlackFideId "30908604"]
[WhiteElo "3024"]
[BlackElo "2734"]
[Result "1-0"]
[Round "3"]
[TimeControl "180+2"]
[Date "2023.06.27"]
[WhiteClock "0:00:05"]
[BlackClock "0:00:00"]
[Board "12"]

1. d4 d5 2. c4 e6 3. Nc3 Nf6 4. Nf3 a6 5. cxd5 exd5 6. Bg5 Be7 7. e3 O-O 8. Bd3 Be6 9. O-O c6 10. Qc2 h6 11. Bf4 Nbd7 12. h3 Ne8 13. Bh7+ Kh8 14. Bf5 Bxf5 15. Qxf5 Bd6 16. Rfe1 Bxf4 17. Qxf4 Qf6 18. Ne5 Nxe5 19. dxe5 Qe7 20. Qg3 Nc7 21. f4 f6 22. exf6 Qxf6 23. Rad1 Rae8 24. Re2 Nb5 25. Nxb5 axb5 26. Rd4 Qxd4 27. exd4 Rxe2 28. b4 Re4 29. Qg4 Rexf4 30. Qd7 R8f7 31. Qe8+ Kh7 32. a3 R7f6 33. Qe5 Re4 34. Qc7 Rxd4 35. Qxb7 Rd1+ 36. Kh2 Rd2 37. h4 Rg6 38. h5 Rgxg2+ 39. Kh3 Rc2 40. a4 bxa4 41. b5 cxb5 42. Qxd5 Rge2 43. Qd3+ Kh8 44. Qd8+ Kh7 45. Qd3+ Kg8 46. Qd8+ Kf7 47. Qd7+ Kf8 48. Qd8+ Re8 49. Qd6+ Kg8 50. Qd5+ Kh8 51. Qxb5 Rc3+ 52. Kg2 1-0


[Site "https://www.chess.com"]

[Event "Titled Tuesday Blitz June 27 Late 2023"]
[White "Salem, A.R. Saleh"]
[Black "Rathanvel, V S"]
[WhiteFideId "9301348"]
[BlackFideId "25002112"]
[WhiteElo "3011"]
[BlackElo "2734"]
[Result "1/2-1/2"]
[Round "3"]
[TimeControl "180+2"]
[Date "2023.06.27"]
[WhiteClock "0:00:48"]
[BlackClock "0:01:01"]
[Board "13"]

1. d4 Nf6 2. c4 c5 3. d5 e6 4. Nc3 exd5 5. cxd5 d6 6. Nf3 g6 7. Nd2 Bg7 8. e4 O-O 9. Be2 Na6 10. O-O Re8 11. Kh1 Rb8 12. f3 Bd7 13. Nb5 Bf8 14. a4 Nc7 15. Nc3 b6 16. Nb5 Rb7 17. b3 Nh5 18. Ra2 Bxb5 19. axb5 Qd7 20. Nc4 Nxb5 21. g4 Nc3 22. Qc2 Nxa2 23. Qxa2 Nf6 24. Bg5 Be7 25. Bh6 Bf8 26. Bg5 Be7 27. Bh6 Bf8 28. Bg5 1/2-1/2


[Site "https://www.chess.com"]

[Event "Titled Tuesday Blitz June 27 Late 2023"]
[White "Lorparizangeneh, Shahin"]
[Black "Terry, Renato"]
[WhiteFideId "12521604"]
[BlackFideId "3803457"]
[WhiteElo "2724"]
[BlackElo "3006"]
[Result "0-1"]
[Round "3"]
[TimeControl "180+2"]
[Date "2023.06.27"]
[WhiteClock "0:00:23"]
[BlackClock "0:00:45"]
[Board "14"]

1. e4 e6 2. d4 d5 3. e5 c5 4. c3 Qb6 5. Nf3 Bd7 6. Be2 cxd4 7. cxd4 Bb5 8. O-O Bxe2 9. Qxe2 Nc6 10. Be3 Nge7 11. Nc3 Nf5 12. Rfd1 Be7 13. Rac1 O-O 14. a3 Na5 15. Na4 Qd8 16. Nc5 b6 17. Nd3 Rc8 18. Nb4 Qd7 19. Bd2 Nb3 20. Rxc8 Rxc8 21. Bc3 a5 22. Nc2 Qa4 23. g4 Nh4 24. Nxh4 Bxh4 25. Qa6 Qc6 26. Ne3 Bg5 27. Ng2 b5 28. Qxc6 Rxc6 29. f4 Be7 30. Rd3 Nc1 31. Re3 Rc4 32. Bd2 a4 33. Bxc1 Rxc1+ 34. Kf2 h5 35. gxh5 Kh7 36. Ne1 Bh4+ 37. Kf1 Kh6 38. Re2 Kxh5 39. h3 Kg6 0-1


[Site "https://www.chess.com"]

[Event "Titled Tuesday Blitz June 27 Late 2023"]
[White "Martinez Alcantara, Jose Eduardo"]
[Black "Laurent-Paoli, Pierre"]
[WhiteFideId "3805662"]
[BlackFideId "26017962"]
[WhiteElo "3005"]
[BlackElo "2723"]
[Result "1-0"]
[Round "3"]
[TimeControl "180+2"]
[Date "2023.06.27"]
[WhiteClock "0:00:16"]
[BlackClock "0:00:00"]
[Board "15"]

1. e4 c6 2. d4 d5 3. e5 Bf5 4. h4 Qb6 5. Nc3 e6 6. g4 Be4 7. f3 c5 8. fxe4 cxd4 9. Nb5 dxe4 10. Qxd4 Bc5 11. Qa4 Nc6 12. Nd6+ Bxd6 13. exd6 Nf6 14. Be2 O-O-O 15. Qb3 Rxd6 16. Qxb6 axb6 17. c3 Nd5 18. Nh3 Ne5 19. O-O f6 20. Nf4 Rhd8 21. Nxd5 Rxd5 22. Bf4 Nd3 23. Be3 Nxb2 24. Bxb6 R8d6 25. Be3 Nd3 26. Rad1 e5 27. c4 Ra5 28. Rd2 Rc6 29. g5 Ra3 30. Bg4+ Kc7 31. Bf5 Nc5 32. gxf6 gxf6 33. Re2 Ne6 34. Bxe4 Rxc4 35. Bd5 Rg4+ 36. Rg2 Rxg2+ 37. Kxg2 Rxe3 38. Bxe6 Kd6 39. Rxf6 e4 40. Bb3+ Ke5 41. Rf7 Re2+ 42. Kg3 h5 43. Re7+ Kf5 44. Rf7+ Ke5 45. Rxb7 Re3+ 46. Kf2 Rh3 47. Rb5+ Kf4 48. Rxh5 Rh2+ 49. Kg1 Rb2 50. Rh8 e3 51. Re8 Kg3 52. Kf1 Kf3 53. Bd5+ Kf4 54. h5 Rb1+ 55. Ke2 Rb2+ 56. Ke1 Rb1+ 57. Ke2 Rb2+ 58. Kd3 Rd2+ 59. Kc4 e2 60. Kc5 Kg3 61. Bc4 e1=Q 62. Rxe1 Rh2 63. Re5 Kf4 64. Rd5 Rxh5 65. Rxh5 1-0


[Site "https://www.chess.com"]

[Event "Titled Tuesday Blitz June 27 Late 2023"]
[White "Barp, Alberto"]
[Black "Sargsyan, Shant"]
[WhiteFideId "872555"]
[BlackFideId "13306766"]
[WhiteElo "2718"]
[BlackElo "3000"]
[Result "0-1"]
[Round "3"]
[TimeControl "180+2"]
[Date "2023.06.27"]
[WhiteClock "0:00:00"]
[BlackClock "0:00:13"]
[Board "16"]

1. d4 g6 2. c4 Nf6 3. g3 Bg7 4. Bg2 O-O 5. Nc3 d6 6. Nf3 Nbd7 7. O-O e5 8. e4 Re8 9. h3 b6 10. Be3 exd4 11. Nxd4 Bb7 12. Qc2 Nc5 13. f3 Nh5 14. Nde2 f5 15. Bxc5 bxc5 16. exf5 Qf6 17. fxg6 hxg6 18. f4 Bxg2 19. Kxg2 Rab8 20. Rae1 Qf7 21. b3 c6 22. Qd3 Rbd8 23. Ne4 d5 24. Ng5 Qf5 25. Qxf5 gxf5 26. Ng1 dxc4 27. Rxe8+ Rxe8 28. bxc4 Bd4 29. N5f3 Re3 30. Re1 Ra3 31. Re2 Bxg1 32. Nxg1 Rxg3+ 33. Kh2 Ra3 34. Rg2+ Kf7 35. Rg5 Rxa2+ 36. Kh1 Ng7 37. Nf3 Ne6 38. Rxf5+ Ke7 39. Ne5 a5 40. Rf7+ Ke8 41. f5 Re2 42. fxe6 Rxe5 43. Ra7 Rxe6 44. Rxa5 Re5 45. Kg2 Kd7 46. Kf3 Kd6 47. h4 Re1 48. h5 Rh1 49. Kg4 Rc1 50. Ra4 Ke5 51. h6 Rg1+ 52. Kh4 Kf4 53. Kh5 Kf5 54. Kh4 Rh1+ 55. Kg3 Rxh6 56. Ra5 Ke5 57. Rxc5+ Kd4 58. Rf5 Kxc4 59. Kf2 Re6 60. Rf3 c5 61. Re3 Rxe3 0-1


[Site "https://www.chess.com"]

[Event "Titled Tuesday Blitz June 27 Late 2023"]
[White "Galperin, Platon"]
[Black "Makridis, Dimitrios"]
[WhiteFideId "14165414"]
[BlackFideId "25864475"]
[WhiteElo "2999"]
[BlackElo "2716"]
[Result "1-0"]
[Round "3"]
[TimeControl "180+2"]
[Date "2023.06.27"]
[WhiteClock "0:00:41"]
[BlackClock "0:00:04"]
[Board "17"]

1. e4 c5 2. d4 cxd4 3. Qxd4 Nc6 4. Qd3 Nf6 5. Nc3 e6 6. Bf4 a6 7. O-O-O b5 8. e5 Nh5 9. Bd2 g6 10. f4 d6 11. g4 Ng7 12. Ne4 dxe5 13. Qg3 Be7 14. fxe5 Qd5 15. Bg2 Qxa2 16. Nf6+ Kf8 17. Bh6 Bb7 18. Rd7 Rd8 19. Qd3 Qa1+ 20. Kd2 Qxb2 21. Bxc6 Rxd7 22. Nxd7+ Kg8 23. Bxb7 Bb4+ 24. Ke2 Qb1 25. Nf6+ Kf8 26. Qd8# 1-0


[Site "https://www.chess.com"]

[Event "Titled Tuesday Blitz June 27 Late 2023"]
[White "Darini, Pouria"]
[Black "Bortnyk, Olexandr"]
[WhiteFideId "12502200"]
[BlackFideId "14120828"]
[WhiteElo "2714"]
[BlackElo "2985"]
[Result "0-1"]
[Round "3"]
[TimeControl "180+2"]
[Date "2023.06.27"]
[WhiteClock "0:00:03"]
[BlackClock "0:00:08"]
[Board "18"]

1. e4 Nf6 2. e5 Nd5 3. Nc3 Nxc3 4. dxc3 d6 5. exd6 cxd6 6. Bg5 Nc6 7. Qd2 Qa5 8. Bc4 g6 9. Nf3 Bg7 10. Bh6 Bf6 11. h3 Bf5 12. O-O Be4 13. Ng5 Bxg5 14. Bxg5 d5 15. Bb3 O-O-O 16. Rad1 f6 17. Be3 g5 18. f3 Bf5 19. Qf2 e5 20. Bc5 Be6 21. Rd2 Rd7 22. Rfd1 Rhd8 23. a3 h5 24. Ba2 b6 25. Bb4 Qa6 26. Bb3 Kc7 27. a4 Bf7 28. a5 bxa5 29. Bc5 Qb5 30. Ra1 d4 31. Bxf7 Qxc5 32. Bxh5 Qb6 33. Bg4 Rd6 34. cxd4 Nxd4 35. Kh1 Qxb2 36. Rad1 Qb6 37. c3 Nb5 38. Qe2 Rxd2 39. Rxd2 Rxd2 40. Qxd2 Qc6 41. c4 Qxc4 42. Qxa5+ Kb7 43. Qe1 Kb6 44. Bf5 a5 45. Be4 a4 46. Qd1 Nd4 47. Bd3 Qb3 48. Qf1 a3 49. Bc4 Qb2 50. Qe1 Nc6 51. Bd5 Nd4 52. Bc4 Kc5 53. Bg8 Qb4 54. Qc1+ Kb6 55. Qf1 Nb5 56. Qd1 Nc3 57. Qd8+ Kb5 58. Qd7+ Ka5 59. Qa7+ Kb5 60. Qd7+ Ka6 61. Qc8+ Ka7 62. Qc7+ Ka6 63. Bc4+ Nb5 64. Qc6+ Ka5 65. Qa8+ Kb6 66. Qb8+ Kc5 67. Bxb5 Qb1+ 68. Kh2 a2 69. Qa7+ Kxb5 70. Qb7+ Kc5 71. Qc7+ Kd4 72. Qd6+ Ke3 73. Qc5+ Ke2 74. Qc4+ Kd2 75. Qd5+ Ke1 76. Qa5+ Ke2 77. Qa6+ Ke3 78. Qa7+ Kf4 79. Qa4+ e4 80. g3+ Kxf3 81. Qa3+ e3 82. Qa8+ Ke2 83. Qg2+ Kd1 84. Qd5+ Ke1 85. Qh1+ Kd2 86. Qd5+ Kc1 87. Qh1+ Kb2 88. Qb7+ Ka1 89. Qf3 Qb2+ 90. Kg1 Qc1+ 91. Kh2 Qd2+ 92. Kh1 Qe1+ 93. Kh2 Qf2+ 94. Qxf2 exf2 95. Kg2 f1=Q+ 96. Kxf1 Kb2 97. h4 a1=Q+ 0-1


[Site "https://www.chess.com"]